Map: 2000 Atmospheres LE

Players

Demi

  • Race: Zerg Zerg

Seither - Winner!

  • Race: Terran Terran

Event: DreamHack SC2 Masters 2021 Winter

VOD

Have the link to the VOD?

Description

Time

  • Played on: Oct. 2, 2021, 4:23 a.m.
  • Length: 20:33

All games in this series

Show
View Real Time Build Order
Export as new Build Order

Demi Zerg 

Build Orders: Hatch First 

Get SALT Encoding   

  12  0:00  Drone  
  13  0:12  Overlord  
  13  0:16  Drone  
  14  0:30  Drone x2  
  16  0:47  Hatchery  
  15  0:51  Drone  
  15  0:54  Drone  
  17  0:57  Drone  
  18  1:09  Extractor  
  17  1:13  Spawning Pool  
  17  1:16  Drone  
  17  1:19  Drone  
  18  1:27  Drone  
  19  1:39  Drone  
  20  1:50  Drone  
  21  2:00  Queen x2  
  25  2:03  Extractor  
  25  2:05  Roach Warren  
  23  2:09  Spine Crawler  
  23  2:10  Drone  
  23  2:12  Zergling x2  
  23  2:15  Zergling x2  
  25  2:21  Overlord  
  25  2:32  Drone  
  25  2:46  Roach x2  
  25  2:47  Roach x2  
  33  2:54  Overlord  
  33  3:02  Overlord  
  33  3:10  Overlord  
  33  3:15  Drone  
  33  3:16  Drone  
  33  3:17  Ravager  
  33  3:19  Ravager  
  37  3:24  Drone  
  38  3:27  Ravager  
  40  3:34  Drone  
  40  3:36  Ravager  
  41  3:50  Drone x3  
  41  3:51  Drone  
  45  4:05  Hatchery  
  44  4:10  Metabolic Boost  
  44  4:19  Queen  
  46  4:32  Drone  
  46  4:33  Drone x4  
  51  4:51  Hatchery  
  50  4:58  Overlord  
  50  5:06  Overlord  
  50  5:07  Overlord  
  50  5:12  Drone  
  51  5:16  Drone x2  
  51  5:21  Zergling x4  
  55  5:38  Drone x3  
  58  5:43  Drone x2  
  58  5:45  Queen  
  58  5:46  Spore Crawler  
  58  5:48  Overlord  
  61  5:50  Drone x3  
  61  5:52  Drone x2  
  61  5:56  Drone x2  
  68  6:01  Evolution Chamber  
  68  6:03  Evolution Chamber  
  66  6:04  Drone x2  
  66  6:11  Queen  
  70  6:13  Zergling x2  
  71  6:22  Drone  
  71  6:23  Zergling x6, Spore Crawler  
  75  6:25  Drone x2  
  75  6:26  Drone  
  75  6:31  Overlord x2  
  75  6:32  Drone x2  
  79  6:39  Zerg Ground Armor Level 1, Zerg Melee Weapons Level 1  
  79  6:40  Drone  
  79  6:42  Drone  
  79  6:43  Drone  
  79  6:46  Overlord  
  82  6:48  Overlord  
  82  6:53  Drone x3  
  82  6:54  Drone x2  
  87  7:03  Drone x4  
  87  7:04  Lair  
  87  7:07  Extractor  
  90  7:08  Extractor  
  90  7:10  Drone x5  
  90  7:14  Baneling Nest  
  93  7:25  Drone x4  
  93  7:29  Hatchery  
  95  7:33  Drone x2, Overlord x2  
  95  7:35  Roach x2  
  101  7:43  Zergling x10, Roach  
  107  7:53  Drone x3  
  107  7:56  Ravager x2  
  112  7:59  Zergling x4, Roach  
  112  8:02  Baneling x4  
  116  8:07  Zergling x2  
  116  8:08  Zergling x14  
  116  8:12  Centrifugal Hooks  
  123  8:13  Overlord  
  123  8:17  Zergling x2  
  123  8:19  Overlord  
  124  8:24  Overlord  
  124  8:28  Overlord  
  124  8:31  Baneling x4  
  124  8:32  Baneling, Zergling x2  
  123  8:35  Zergling x2  
  123  8:36  Zergling x6  
  122  8:45  Zergling x12  
  122  8:47  Queen  
  127  8:51  Queen  
  127  8:53  Zergling x2  
  127  8:54  Zergling x10  
  135  8:56  Baneling x4  
  135  8:57  Baneling  
  135  9:01  Zergling x2  
  136  9:06  Ravager  
  136  9:07  Ravager  
  136  9:08  Overlord x2  
  136  9:09  Drone x3  
  141  9:17  Zergling x2  
  141  9:18  Zergling x12  
  147  9:24  Overlord x2  
  147  9:25  Drone x6  
  147  9:29  Hatchery  
  152  9:32  Zerg Ground Armor Level 2, Zerg Melee Weapons Level 2  
  152  9:41  Overlord x3  
  151  9:45  Infestation Pit  
  151  9:51  Zergling x20  
  160  9:58  Baneling  
  160  9:59  Baneling x6, Hatchery  
  157  10:00  Baneling x3  
  157  10:05  Baneling  
  157  10:07  Baneling x5  
  157  10:12  Zergling x4  
  157  10:13  Zergling x20  
  168  10:27  Hive  
  167  10:29  Zergling x20  
  167  10:31  Baneling x4  
  167  10:32  Baneling  
  167  10:35  Drone x5, Extractor  
  181  10:36  Extractor  
  180  10:45  Zergling x14  
  187  10:52  Zergling x2  
  187  10:53  Zergling x12  
  191  11:05  Drone x3  
  191  11:07  Zergling x10  
  189  11:18  Zergling x14  
  190  11:24  Baneling x10  
  192  11:37  Zergling x24  
  199  11:42  Hatchery  
  199  11:44  Adrenal Glands  
  199  11:45  Ultralisk Cavern  
  197  11:50  Extractor  
  197  11:51  Extractor  
  189  12:01  Zergling x20  
  189  12:02  Zergling x4  
  196  12:09  Zergling x10  
  170  12:35  Zergling x2  
  170  12:36  Zergling x28  
  168  12:58  Zerg Melee Weapons Level 3, Zerg Ground Armor Level 3  
  168  12:59  Ultralisk Cavern  
  168  13:00  Hatchery  
  168  13:02  Queen  
  168  13:05  Drone x3  
  170  13:15  Zergling x2  
  170  13:16  Zergling x34  
  185  13:24  Queen  
  185  13:25  Queen  
  185  13:26  Drone x3  
  185  13:27  Drone x3  
  194  13:28  Baneling  
  194  13:29  Baneling x7  
  194  13:33  Drone x4  
  176  13:51  Chitinous Plating  
  176  13:53  Ultralisk x3, Zergling x2  
  176  13:54  Zergling x18  
  199  14:09  Hatchery  
  196  14:19  Drone  
  197  14:27  Baneling x6  
  197  14:31  Baneling x10  
  197  14:42  Spore Crawler  
  197  14:45  Spore Crawler  
  195  14:58  Baneling x2, Spore Crawler  
  194  15:01  Spore Crawler  
  194  15:02  Ultralisk  
  194  15:03  Spore Crawler  
  198  15:09  Anabolic Synthesis  
  193  15:19  Zergling x14  
  195  15:38  Ultralisk, Zergling x16  
  195  15:40  Overseer x2  
  185  15:56  Ultralisk x2, Zergling x2  
  185  15:57  Zergling x24  
  196  16:10  Extractor  
  196  16:11  Baneling x4, Extractor  
  194  16:25  Pneumatized Carapace  
  194  16:26  Overseer  
  193  16:49  Hatchery  
  187  16:54  Ultralisk, Zergling x2  
  187  16:55  Zergling x16  
  192  17:02  Viper x2  
  192  17:03  Viper  
  192  17:05  Drone x3  
  192  17:06  Drone x2  
  192  17:08  Zergling x10  
  153  17:31  Ultralisk  
  153  17:32  Ultralisk, Zergling x28  
  153  17:36  Baneling x7  
  153  17:37  Baneling  
  166  17:43  Roach Warren, Overlord x2  
  159  17:45  Baneling  
  159  17:46  Ultralisk  
  159  17:47  Ultralisk, Zergling x10  
  165  18:04  Zergling x2  
  165  18:05  Zergling x14  
  147  18:25  Ultralisk  
  147  18:26  Ultralisk, Zergling x22  
  161  18:33  Roach  
  161  18:34  Zergling x2, Roach x2  
  165  18:45  Drone x6  
  167  18:58  Baneling Nest  
  164  19:11  Zergling x20  
  164  19:12  Zergling x10  
  173  19:24  Ravager x3  
  126  19:39  Zergling x32  
  121  19:48  Zergling x6  
  103  19:58  Zergling x2  
  103  19:59  Zergling x4  
Show
View Real Time Build Order
Export as new Build Order

Seither Terran - Winner!

Build Orders:  

Get SALT Encoding   

  12  0:00  SCV  
  13  0:12  SCV  
  14  0:18  Supply Depot  
  14  0:25  SCV  
  15  0:40  Barracks  
  15  0:51  Barracks  
  15  0:55  SCV  
  16  1:07  SCV  
  16  1:08  Refinery  
  17  1:19  SCV  
  18  1:27  Marine  
  18  1:32  Orbital Command  
  19  1:37  Bunker  
  19  1:38  Marine  
  20  1:45  Marine  
  21  1:47  Supply Depot  
  21  1:56  Marine  
  21  1:59  SCV  
  23  2:05  Bunker  
  23  2:08  Marine  
  23  2:12  SCV  
  25  2:21  Factory  
  25  2:23  Marine  
  25  2:27  SCV  
  27  2:40  SCV  
  27  2:42  Marine  
  27  2:43  Marine  
  29  2:48  Supply Depot  
  29  2:52  SCV  
  30  3:09  Factory Tech Lab  
  30  3:10  Starport  
  30  3:11  SCV  
  30  3:12  Refinery  
  31  3:25  SCV  
  32  3:30  Supply Depot  
  32  3:33  Cyclone  
  35  3:34  Bunker  
  35  3:37  SCV  
  36  3:49  SCV  
  36  3:53  Starport Tech Lab  
  37  3:57  Command Center  
  37  4:01  SCV  
  38  4:07  Supply Depot  
  38  4:10  Cyclone  
  41  4:19  Medivac  
  41  4:21  SCV  
  44  4:33  SCV  
  44  4:37  Supply Depot  
  45  4:49  Command Center  
  45  4:51  Banshee  
  48  4:55  SCV  
  49  5:03  Barracks Reactor  
  49  5:07  SCV, Siege Tank  
  49  5:10  Orbital Command  
  53  5:19  SCV  
  54  5:49  Barracks  
  54  5:50  Orbital Command  
  54  5:52  Barracks  
  54  5:53  Marine  
  54  5:54  Stimpack  
  54  5:55  Starport Reactor  
  55  5:58  SCV  
  55  6:02  Engineering Bay  
  55  6:03  Orbital Command  
  56  6:04  Supply Depot  
  56  6:05  Engineering Bay  
  56  6:17  Marine  
  60  6:18  Siege Tank  
  60  6:20  SCV x2  
  60  6:23  Refinery  
  62  6:25  Refinery  
  62  6:34  Terran Infantry Weapons Level 1, Terran Infantry Armor Level 1  
  62  6:35  SCV x2  
  62  6:36  SCV  
  62  6:37  Marine  
  66  6:47  SCV  
  66  6:48  SCV  
  68  6:54  Marine  
  68  6:55  Starport Reactor, Marine x2  
  71  7:01  Marine  
  71  7:02  Siege Tank  
  71  7:05  SCV  
  71  7:06  SCV x2  
  78  7:13  Marine x2  
  78  7:14  Marine x2  
  82  7:18  SCV x3  
  82  7:22  Supply Depot x2  
  85  7:27  Marine  
  85  7:29  Orbital Command  
  86  7:31  Marine x2  
  86  7:34  Medivac x2, Barracks  
  86  7:36  Supply Depot, Barracks  
  92  7:41  Marine x2  
  92  7:42  Combat Shield  
  92  7:44  SCV x2  
  96  7:45  Marine  
  96  7:47  Supply Depot  
  96  7:48  Supply Depot  
  96  7:56  SCV x2  
  101  7:58  Siege Tank, Marine x2  
  101  7:59  Marine x2  
  105  8:08  Marine  
  105  8:09  Medivac x2  
  105  8:12  Supply Depot  
  109  8:13  Supply Depot  
  109  8:16  Marine  
  109  8:18  SCV x3  
  113  8:20  Marine x3  
  113  8:21  Marine  
  113  8:26  Marine  
  118  8:29  Armory  
  118  8:30  Barracks Reactor  
  118  8:33  SCV x2  
  111  8:50  Marine x2  
  111  8:51  Siege Tank, Marine x3  
  111  8:52  Medivac x2  
  111  8:53  SCV x3  
  111  8:55  Refinery  
  126  8:56  Refinery  
  126  9:01  Marine  
  127  9:08  Marine x3  
  127  9:09  Barracks Reactor, Marine  
  131  9:12  SCV  
  131  9:13  SCV x2  
  131  9:17  Command Center  
  134  9:19  Supply Depot x2  
  134  9:24  Siege Tank  
  137  9:26  Marine x4  
  140  9:32  Marine  
  140  9:33  Terran Infantry Weapons Level 2, Terran Infantry Armor Level 2, Marine  
  140  9:34  SCV x2  
  144  9:42  Marine  
  144  9:44  Medivac x2, Marine x2  
  151  9:46  SCV x2  
  151  9:47  SCV  
  151  9:50  Supply Depot  
  151  9:51  Terran Vehicle Weapons Level 1  
  154  9:55  Supply Depot  
  152  10:07  Marine x4  
  152  10:12  Siege Tank  
  87  10:14  Medivac x2, Marine  
  159  10:15  Marine x2  
  159  10:19  Factory  
  166  10:27  Marine x3  
  166  10:28  Marine x2  
  170  10:32  SCV x2  
  172  10:37  Supply Depot  
  172  10:38  Supply Depot  
  172  10:39  Barracks  
  172  10:40  Barracks  
  172  10:42  Barracks  
  172  10:44  Liberator x2  
  172  10:49  Marine x3  
  181  10:50  Sensor Tower  
  180  10:57  SCV x3  
  180  10:59  Concussive Shells, Siege Tank  
  185  11:10  Planetary Fortress  
  185  11:11  Factory Tech Lab  
  184  11:13  Sensor Tower  
  184  11:22  Marine x3  
  184  11:23  Marauder, Marine x3  
  191  11:26  SCV  
  191  11:27  SCV x2  
  191  11:29  Barracks Tech Lab x2  
  190  11:42  Marine x4  
  190  11:43  Siege Tank x2  
  190  11:46  Refinery  
  200  11:47  Ghost Academy, Refinery  
  189  12:02  Terran Infantry Weapons Level 3, Terran Infantry Armor Level 3  
  189  12:12  SCV  
  189  12:13  SCV x2, Command Center  
  192  12:18  Ghost x2  
  181  12:31  Marine, Ghost  
  181  12:32  Marine x2  
  178  12:46  Ghost  
  178  12:47  Command Center x2  
  173  13:00  Marauder x2, Marine x6  
  173  13:01  Siege Tank x2  
  173  13:02  Liberator x2  
  195  13:16  Marauder, Marine  
  195  13:17  Marine  
  199  13:39  Sensor Tower  
  199  13:41  Command Center  
  163  13:49  Marine  
  163  13:50  Marauder x3, Marine x4  
  163  13:53  Siege Tank x2  
  163  13:54  Liberator x2  
  180  13:55  Planetary Fortress  
  180  14:06  Marine x2  
  180  14:07  Marine  
  183  14:10  Command Center, Orbital Command  
  183  14:11  Marauder, Orbital Command  
  183  14:12  Marauder x2, Barracks Tech Lab  
  188  14:18  Marine x2  
  188  14:19  Marine x2  
  192  14:33  Marauder x3  
  198  14:54  Marauder  
  198  14:55  Planetary Fortress  
  200  15:06  Command Center  
  195  15:14  Marine x2  
  195  15:15  Marauder, Marine  
  195  15:20  Barracks  
  197  15:21  Barracks  
  197  15:22  Barracks  
  197  15:25  Planetary Fortress  
  197  15:34  Marauder x2  
  198  15:36  Marine x2  
  200  15:45  Marauder, Marine  
  200  15:46  Siege Tank x2  
  196  15:59  Command Center  
  195  16:05  Ghost x2  
  195  16:10  Barracks Tech Lab x3  
  199  16:17  SCV  
  200  16:18  Sensor Tower  
  200  16:21  Planetary Fortress  
  200  16:25  Personal Cloaking  
  194  16:47  Marine, Orbital Command  
  194  16:48  Marauder x2, Marine x2  
  193  16:59  Marauder x2, Marine x3  
  200  17:17  Marine x2  
  161  17:32  Marauder x2, Marine x5  
  161  17:33  Marauder x2  
  172  17:39  Marine  
  173  17:51  Marine x4  
  170  17:52  Marine x4  
  170  17:53  Liberator x2, Siege Tank  
  170  17:54  Marauder x4  
  170  17:56  Siege Tank  
  170  17:57  Marine  
  199  18:01  SCV  
  197  18:09  Marine x3  
  197  18:10  Planetary Fortress  
  200  18:15  Marauder  
  196  18:25  Marine  
  196  18:26  Marauder x2, Marine  
  194  18:30  SCV x2  
  194  18:31  SCV x2  
  194  18:32  SCV x3  
  193  18:36  Marauder, Medivac x2  
  193  18:40  Siege Tank  
  199  18:42  SCV  
  196  19:00  Marauder, Marine x4  
  196  19:01  Marauder x3, Marine x2  
  195  19:04  SCV x2  
  195  19:05  SCV x4  
  195  19:06  Barracks Tech Lab, Command Center  
  198  19:21  Refinery  
  198  19:22  Marauder, Refinery  
  197  19:38  Marauder, Marine x4  
  165  19:39  Marauder x3, Marine x3  
  165  19:43  Marauder, Siege Tank x2  
  153  19:51  Marine  
  138  19:54  Medivac x2  
  138  19:56  Marine x5  
  145  20:00  Marauder x4  
  145  20:01  Marine x2  
  145  20:05  Marauder  
  155  20:09  Marine  
  155  20:13  Marine  
  155  20:14  Marine x4  

Tags
 
Add a new tag
Caveats
  • Supply blocks, unpowered buildings, or Contaminate may cause inaccurate times.
  • Supply counts are checked every 10 seconds.